[Event "Romanian Team Rapid Women 2022"]
[Site "Sebes"]
[Date "2022.12.03"]
[Round "1.1"]
[White "Peptan, Corina-Isabela"]
[Black "Bulmaga, Irina"]
[Result "1/2-1/2"]
[ECO "A31"]
[WhiteElo "2351"]
[BlackElo "2426"]
[Annotator "TA"]
[PlyCount "72"]
[EventDate "2022.12.03"]
[EventType "rapid"]
[EventCountry "ROU"]
[SourceTitle "playchess.com"]
[Source "ChessBase"]
[SourceQuality "1"]
[TimeControl "900+10"]

1. Nf3 c5 2. c4 g6 3. Nc3 Bg7 4. e4 d6 5. d4 cxd4 6. Nxd4 a6 7. Be3 Nf6 8. Be2 O-O 9. O-O b6 10. f3 Bb7 {[%emt 0:00:03] A31: Symmetrical English: 2 Nf3 Nf6 3 d4.} 11. Qd2 e6 12. Rfd1 {[%emt 0:00:16] White is much more active.} d5 (12... Nbd7 $14) 13. Nc2 (13. e5 $18) 13... Re8 {[%emt 0:06:11] [#]} (13... Nbd7 $14) 14. Rac1 $146 (14. exd5 exd5 15. cxd5 Nbd7 $16) (14. cxd5 $16 exd5 15. Nb4 (15. exd5 Nbd7 $16)) ({Predecessor:} 14. cxd5 exd5 15. exd5 Nbd7 16. Bf1 Rc8 17. Bf2 Bf8 18. Nd4 b5 19. Nc6 Bxc6 20. dxc6 Rxc6 21. Qf4 Qb8 22. Qxb8 Rxb8 23. a4 Bc5 {½-½ (23) Lahav,E (2360)-Busch,K (2330) Netanya 1987}) 14... Qe7 (14... Nbd7 $11) 15. cxd5 $16 (15. exd5 {looks sharper.} exd5 16. Bxb6 Nbd7 17. Bd4) 15... exd5 16. exd5 (16. Bxb6 $6 dxe4 17. f4 Nbd7 $11) 16... b5 17. a3 {[%emt 0:00:44] Prevents b4.} (17. d6 {keeps more tension.} Qe6 18. Re1 Nc6 19. Bf4) 17... Bf8 (17... Nbd7 $14) 18. Bf1 Rd8 (18... Nbd7 $16) 19. Bb6 (19. b4 $18) 19... Rd7 (19... Rc8 $16 {might work better.}) 20. Re1 Qd6 21. Qf2 (21. Bd4 $16) 21... Nxd5 $14 22. Nxd5 Bxd5 $4 {[%emt 0:00:10][%mdl 8192] [#]} ({Better is} 22... Qxd5 $14 23. Nb4 Bxb4 24. axb4 Nc6) 23. Nb4 $2 (23. Re8 $18 Rc7 24. Bxc7 Qxc7 25. Nb4 Qxc1 26. Nxd5) 23... Be6 $2 ({Black should try} 23... Nc6 $14) 24. Bc5 $2 (24. Rc8 $18 {Black must now prevent Bc5.} Qd2 25. Nc6 (25. Qc5 Rd8 $16)) 24... Qd2 25. Bxf8 (25. Nd3 {simplifies} Qxf2+ 26. Bxf2 Rd6 27. Nc5) 25... Kxf8 26. Qc5+ (26. Rc8+ {with more complications.} Kg7 27. Re2 Qd4 28. Nc6) 26... Kg8 {[%emt 0:00:26] [#]} 27. Nd3 $1 {[%emt 0:01:30] Hoping for Rcd1.} Rd5 (27... Rxd3 $2 28. Bxd3 Nd7 29. Qd4 $18) 28. Qb6 Nd7 (28... Rxd3 $2 29. Bxd3 Nd7 30. Qd4 $18) 29. Qb7 ({White should play} 29. Qc6 $14 Rd8 30. Rxe6 (30. Qxa6 Nc5 $11) 30... Rxd3 31. Bxd3 fxe6 32. Qxe6+ Kh8 33. Rc3) 29... Rb8 (29... Rd8 $11) 30. Rc8+ ({Reject} 30. Qxa6 Rxd3 31. Bxd3 Qxd3 $15) (30. Qc7 $1 $14) 30... Rxc8 $15 31. Qxc8+ Kg7 32. Qc3+ Qxc3 33. bxc3 Bf5 34. Nb4 Rc5 35. Re3 a5 (35... Nb8 $5) 36. Na2 (36. Na6 $11 Rc8 37. Bxb5) 36... Ne5 {[%emt 0:00:00] Weighted Error Value: White=0.83/Black=0.71} (36... Be6 $142 37. Nc1 b4) 1/2-1/2

[Event "Romanian Team Rapid Women 2022"]
[Site "Sebes"]
[Date "2022.12.03"]
[Round "1.2"]
[White "Chicarosie, Ioana-Bianca"]
[Black "Visanescu, Daria-Ioana"]
[Result "0-1"]
[ECO "E08"]
[WhiteElo "1815"]
[BlackElo "2117"]
[Annotator "TA"]
[PlyCount "87"]
[EventDate "2022.12.03"]
[EventType "rapid"]
[EventCountry "ROU"]
[SourceTitle "playchess.com"]
[Source "ChessBase"]
[SourceQuality "1"]
[TimeControl "900+10"]

1. d4 d5 2. Nf3 Nf6 3. g3 e6 4. Bg2 Be7 5. O-O O-O 6. c4 c6 7. Qc2 Nbd7 {[%emt 0:00:24] 7...b6 is the modern continuation.} 8. Nc3 b6 9. Rd1 Bb7 {[%emt 0:00:31] E08: Closed Catalan: Main Line: 7 Qc2.} 10. Ne5 Nxe5 11. dxe5 Ng4 {[%emt 0:01:07] Black has an edge.} 12. e4 $1 Bc5 {[%emt 0:00:23] [#]} (12... Nxe5 13. exd5 cxd5 14. cxd5 $16) (12... d4 {is interesting.} 13. Ne2 Bc5 14. b4 d3) 13. Rd2 $146 (13. exd5 $11 {remains equal.} Nxf2 14. Na4 Nxd1+ 15. Nxc5 bxc5 16. d6) ({Predecessor:} 13. exd5 cxd5 14. Ne4 dxe4 15. Rxd8 Raxd8 16. Bg5 {0-1 (37) Shabalov,A (2506)-Sargissian,G (2684) Wheeling 2014}) 13... d4 $17 {[%emt 0:00:37][%cal Og4f2] Threatens to win with ...Nxf2! Black is more active.} 14. Na4 Nxe5 (14... Bb4 $17 15. Rd1 Nxe5) 15. Nxc5 $11 bxc5 16. f4 {[%emt 0:00:51] Inhibits f6.} Ng4 17. Rd3 {[%emt 0:00:32] Inhibits Ne3.} (17. Bf3 $5 Nh6 18. e5 $11) 17... Qc7 (17... e5 $5 ) 18. Qe2 Nf6 19. e5 Nd7 20. Qh5 f6 21. exf6 Rxf6 22. g4 Rh6 23. Qg5 Rf8 24. h4 $2 (24. Bd2 $15) 24... Rg6 $19 25. Qh5 Nf6 $2 {[%emt 0:00:43] Against g5} (25... e5 $19 26. g5 exf4) 26. Qxc5 $2 (26. Qe5 $17 {was the crucial defense.} Qxe5 27. fxe5 Nxg4 28. Be4) 26... Rxg4 (26... Nxg4 27. h5 Rgf6 28. Qg5 $17) 27. Rxd4 Nd7 $2 (27... Rxh4 28. Be3 $17) (27... Qc8 $19 28. f5 Rxg2+ $1 29. Kxg2 e5) 28. Qd6 $17 {[%emt 0:00:31] [#]} (28. Qxa7 $2 c5 $19) (28. Qe7 $2 Rxg2+ $1 29. Kxg2 (29. Kh1 $2 c5 $19) 29... c5+ $19) 28... Qxd6 (28... Qb6 $1 $17 {aiming for ...c5.} 29. Qxe6+ (29. Qxd7 $2 {loses.} Rxg2+ 30. Kxg2 c5+ 31. Kh2 cxd4 $19) 29... Rf7) 29. Rxd6 $15 Rf7 (29... c5 $11 30. Rxd7 Rxg2+ 31. Kf1 Bc6) 30. Rxe6 ({White should play} 30. Kh2 $16) 30... c5 $1 $36 {[%emt 0:00:07][%mdl 2048] Black has the initiative.} 31. Re2 ({But not} 31. Re8+ Nf8 32. Re2 Rd7 $17) 31... Bxg2 (31... Nf6 $15 32. Kh1 Rxh4+ 33. Kg1 Rg4) 32. Rxg2 $11 Rxh4 33. Be3 Re7 34. Kf2 Nf6 35. Rd1 Kf7 (35... Ng4+ $5 36. Rxg4 Rxg4 $15) 36. Bd2 {[%emt 0:00:12] [#]} ({White should try} 36. Bc1 $15) 36... Ne4+ $1 $19 37. Kf3 $2 (37. Kg1) 37... Rh3+ 38. Kg4 Rd3 {[%emt 0:00:09] White must now prevent ...Re6.} 39. Kf5 g6+ 40. Kg4 Red7 41. Rh2 h5+ 42. Kh4 Rxd2 43. Rhxd2 Rxd2 44. Re1 {[%emt 0:00:01] Weighted Error Value: White=0.86/Black=0.39} 0-1

[Event "Romanian Team Rapid Women 2022"]
[Site "Sebes"]
[Date "2022.12.03"]
[Round "1.3"]
[White "Bucur, Denisa-Andreea"]
[Black "Hoanca, Alexia-Ioana"]
[Result "1-0"]
[ECO "A46"]
[WhiteElo "1953"]
[BlackElo "1644"]
[Annotator "TA"]
[PlyCount "123"]
[EventDate "2022.12.03"]
[EventType "rapid"]
[EventCountry "ROU"]
[SourceTitle "playchess.com"]
[Source "ChessBase"]
[SourceQuality "1"]
[TimeControl "900+10"]

1. Nf3 Nf6 2. d4 c5 3. dxc5 Na6 4. a3 Nxc5 {[%emt 0:00:29] [#]} 5. e3 $146 ({Predecessor:} 5. b4 Nce4 6. Bb2 a5 7. c3 Ng4 8. Qd4 Ngxf2 9. Rg1 d6 10. e3 e5 11. Qd5 Qb6 {0-1 (65) Galaviz Medina,S (2299)-Vera Gonzalez Quevedo,R (2436) Merida 2019}) 5... a5 6. b3 {[%emt 0:00:46] A46: 1 d4 Nf6 2 Nf3 e6: Torre, London and Colle Systems.} g6 7. Bb2 Bg7 8. Nbd2 {[%emt 0:01:19] The position is equal.} O-O 9. Be2 d6 10. O-O Bd7 11. c4 Bc6 12. Nd4 Bd7 13. Bf3 Rb8 14. b4 (14. a4 $11) 14... Ne6 (14... Na4 $1 $15 15. Bc1 Qc7) 15. Rc1 Nxd4 16. exd4 axb4 17. axb4 d5 18. c5 Bb5 19. Re1 (19. Be2 $5 Qd7 20. Nf3 $11) 19... e6 20. Be2 Bxe2 21. Qxe2 b6 22. c6 {[%emt 0:01:17] Threatens to win with c7.} Qc7 {[%emt 0:00:31] [#]} (22... Ra8 $14) 23. b5 $1 $16 Ra8 24. Ra1 {[%emt 0:00:06] Inhibits Ra2.} h5 25. h3 Bh6 26. Nf3 Ne4 27. Ne5 Bg7 28. Nd3 {[%emt 0:01:06] White is more active.} ({White should try} 28. g3 $16) 28... Nd6 $11 29. Nb4 Nc4 (29... Rfc8 $11 {should be considered.}) 30. Bc3 (30. Rxa8 {simplifies} Rxa8 31. Ra1 Rxa1+ 32. Bxa1 Qd8 33. Bc3) 30... Qf4 31. Qd3 ({White should play} 31. Nd3 $16 Qh4 32. Rxa8 Rxa8 33. Ne5) 31... g5 (31... Nd6 $11) 32. g3 (32. Nc2 {is interesting.} Rfc8 33. Bb4 h4 34. Be7) 32... Qf6 33. Nc2 g4 (33... Rfc8 $14) 34. h4 Qd8 $2 {[%emt 0:00:12] This costs Black the game.} (34... Rfe8 $16) 35. Rxa8 $18 Qxa8 36. Ra1 {[%emt 0:00:03] Inhibits Qa4.} Qb8 37. Ne3 Nd6 38. Bb4 Rc8 39. Ra6 {[%emt 0:00:26] Strongly threatening Bxd6.} Ne4 40. Be1 f5 (40... Bf6 {was worth a try.} 41. Ng2 Qc7) 41. Ng2 Qc7 42. Nf4 Rb8 (42... Re8 $142 43. Bd2 Bf8 44. Nxh5 Qf7) 43. Nxe6 Qd6 44. Nf4 Qf6 45. Nxd5 Qxd4 46. Qxd4 Bxd4 47. Ne7+ Kf7 48. c7 Re8 49. c8=Q ({Less strong is} 49. c8=R Rxe7 50. Kf1 Rd7 $18) 49... Rxe7 50. Qxf5+ Nf6 51. Kf1 Rc7 52. Ra2 Rc1 53. Re2 Bc3 54. Re3 Bd4 55. Re6 {[%emt 0:00:05][%cal Oe6f6] White wants to mate with Rxf6+!} Bc3 {[%emt 0:00:05] [#]} 56. Rxf6+ $1 {[%emt 0:00:30] White mates.} Bxf6 57. Qxh5+ Ke7 58. Qh7+ Ke6 59. Qe4+ Kf7 60. Qxg4 Ke7 61. Qe4+ Kf7 62. h5 {[%emt 0:00:02] Weighted Error Value: White=0.17 (very precise) /Black=0.44} 1-0

[Event "Romanian Team Rapid Women 2022"]
[Site "Sebes"]
[Date "2022.12.03"]
[Round "1.4"]
[White "Voicu-Jagodzinsky, Carmen"]
[Black "Sariteanu, Sabina"]
[Result "1/2-1/2"]
[ECO "D37"]
[WhiteElo "2300"]
[BlackElo "1752"]
[Annotator "TA"]
[PlyCount "78"]
[EventDate "2022.12.03"]
[EventType "rapid"]
[EventCountry "ROU"]
[SourceTitle "playchess.com"]
[Source "ChessBase"]
[SourceQuality "1"]
[TimeControl "900+10"]

1. d4 Nf6 2. c4 e6 3. Nf3 d5 4. Nc3 Be7 5. Bf4 O-O 6. e3 Nbd7 7. h3 a6 {[%emt 0:01:39] D37: Queen's Gambit Declined: 5 Bf4.} 8. c5 Ne4 (8... b6 $11) 9. Rc1 f5 {[%emt 0:00:10][%cal Bf7f5,Bf5e4][%mdl 32] White has an edge.} 10. h4 {[%emt 0:01:08] [#]} c6 $146 ({Predecessor:} 10... Ndf6 11. Ne5 Nxc3 12. bxc3 Qe8 13. h5 Nd7 14. Bd3 Bf6 15. Nf3 e5 16. dxe5 Bxe5 17. Nxe5 Nxe5 {½-½ (27) Levay,K-Havasi,K Debrecen 1913}) 11. g3 Bf6 12. Nxe4 (12. Be2 $14) 12... fxe4 $15 13. Ng5 {[%emt 0:00:00] Black keeps a firm grip on the game.} ({White should play} 13. Ne5 $1 $15) 13... Qa5+ $17 14. Rc3 {[%emt 0:05:11] Qh5 is the strong threat.} e5 $1 (14... Qxa2 15. Bh3 Bd8 16. Bxe6+ (16. Nxe6 Re8 $14) 16... Kh8 17. Nxh7 $1 (17. Nxe4 Nf6 $14) 17... Rxf4 18. exf4 $18) 15. Qh5 (15. Bh3 $17 Nxc5 16. Bxc8 Raxc8 17. Kf1) 15... h6 $19 (15... exf4 $2 16. Qxh7#) 16. Qg6 hxg5 (16... exf4 $2 17. Qh7#) 17. hxg5 {[%emt 0:00:03][%cal Of1h3] And now Bh3! would win.} exf4 (17... exd4 {[#] leads to mate.} 18. Rh8+ $3 Kxh8 19. Qh5+ Kg8 20. g6 $1) 18. gxf6 $2 (18. gxf4 {is tougher.} Qxa2 19. Rc2) 18... Nxf6 {[%emt 0:00:18] Black is clearly winning.} (18... Qxa2 $2 19. Qxg7#) 19. a3 fxe3 20. fxe3 Bg4 {[%emt 0:00:24] Hoping for ...Qa4.} 21. Rh4 Qc7 22. Rxg4 Nxg4 23. Qxg4 Rf3 24. Qe6+ Qf7 25. Qxf7+ Kxf7 {[%emt 0:00:03][%cal Bg8f7,Bf7f6,Bf6g5][%mdl 4128] Endgame KRR-KRB} 26. Rb3 Ra7 27. g4 (27. Bh3 $142 Ke7 28. Bc8) 27... Kf6 28. Be2 (28. Bg2 $142 Rg3 29. Kf2 Rxg4 30. Bh3) 28... Rh3 29. Kd2 Kg5 30. Rc3 g6 31. Rc1 Ra8 32. Rf1 Rh7 33. Rf2 Re8 34. b4 Ree7 35. a4 Ref7 36. Rg2 Rh1 37. b5 axb5 38. axb5 Rf8 {[%emt 0:00:45] Threatens to win with ...Ra8.} 39. bxc6 bxc6 {[%emt 0:00:01][%mdl 32768] Weighted Error Value: White=0.88/Black=0.50. An unexpected result.} 1/2-1/2

[Event "Romanian Team Rapid Women 2022"]
[Site "Sebes"]
[Date "2022.12.03"]
[Round "1.5"]
[White "Cosma, Elena-Luminita"]
[Black "Ionescu, Irina"]
[Result "1/2-1/2"]
[ECO "D26"]
[WhiteElo "2244"]
[BlackElo "2119"]
[Annotator "TA"]
[PlyCount "87"]
[EventDate "2022.12.03"]
[EventType "rapid"]
[EventCountry "ROU"]
[SourceTitle "playchess.com"]
[Source "ChessBase"]
[SourceQuality "1"]
[TimeControl "900+10"]

1. d4 d5 2. c4 dxc4 3. Nf3 Nf6 4. e3 e6 5. Bxc4 a6 6. O-O Nbd7 {[%emt 0:00:10] D26: Queen's Gambit Accepted: 4 e3 e6 5 Bxc5 c5 sidelines.} 7. Be2 c5 8. dxc5 Bxc5 {[%emt 0:00:10] The position is equal.} 9. a3 {[%emt 0:00:05] [#]} O-O $146 ({Predecessor:} 9... b5 10. b4 Be7 11. Bb2 Bb7 12. Nbd2 Nb6 13. Rc1 O-O 14. Ne5 Bd6 15. Ndf3 Bd5 {½-½ (15) Maisuradze,N (2308)-David,A (2602) Orsay 2009}) 10. b4 Be7 11. Bb2 a5 12. bxa5 Qxa5 13. Nbd2 Rd8 14. Nc4 Qa4 15. Qxa4 Rxa4 16. Rfd1 Ne4 (16... Nd5 $11) 17. Nfe5 Bc5 $2 (17... Ra6 $11) 18. Rac1 (18. Nxd7 $18 Rxd7 19. Rac1) 18... f6 $16 19. Nd3 {[%emt 0:00:36] Black must now prevent Nxc5.} Bf8 {[%emt 0:00:18] [#]} (19... Be7 $16) 20. Nf4 $1 $18 Re8 21. f3 Nec5 22. Nd6 {[%emt 0:00:10] Against b6} Bxd6 23. Rxd6 {[%emt 0:00:02] Hoping for Bb5.} Kf7 (23... Ra7 $16 {keeps fighting.} 24. Bd4 b6 25. Bxc5 bxc5 26. Nxe6 Kf7) 24. Rcd1 $2 (24. Bb5 $18) 24... Ra8 25. Bb5 Re7 26. Bc4 {[%emt 0:00:28] White is much more active. This pair of bishops is nice.} ({White should try} 26. Rc1 $16) 26... Ne5 {[%emt 0:00:03] Against Nd3} 27. Bxe5 fxe5 28. Nd3 Nxd3 29. R1xd3 Ra4 ({Better is} 29... Ra5 $14) 30. Bb5 Ra5 31. a4 {[%emt 0:00:01] Threatens to win with Rc3.} Rc7 {[%emt 0:00:03] Against Rc3} 32. e4 Ke7 33. Rd8 (33. Kf2 $18) 33... b6 $16 {[%emt 0:00:11] [#]} 34. Kf2 (34. Rg8 $1 $16 Kf6 35. Rd6) 34... Ba6 $11 35. R3d7+ (35. R8d7+ {simplifies} Rxd7 36. Rxd7+ Kf6 37. Bc6) 35... Rxd7 36. Rxd7+ Kf6 37. Bxa6 Rxa6 {[%emt 0:00:02][%mdl 4096] Endgame KR-KR} 38. Rb7 Rxa4 39. Rxb6 Ra2+ 40. Kg3 g6 41. h4 {[%emt 0:00:04] White has an edge.} h6 42. Rb7 Rc2 43. Kh3 Rc3 44. Ra7 {[%emt 0:00:33] Weighted Error Value: White=0.21 (precise) /Black=0.23 (precise)} 1/2-1/2

[Event "Romanian Team Rapid Women 2022"]
[Site "Sebes"]
[Date "2022.12.03"]
[Round "1.6"]
[White "Bucur, Denisa-Andreea"]
[Black "Hoanca, Alexia-Ioana"]
[Result "0-1"]
[ECO "D02"]
[WhiteElo "1953"]
[BlackElo "1644"]
[Annotator "TA"]
[PlyCount "50"]
[EventDate "2022.12.03"]
[EventType "rapid"]
[EventCountry "ROU"]
[SourceTitle "playchess.com"]
[Source "ChessBase"]
[SourceQuality "1"]
[TimeControl "900+10"]

1. d4 Nf6 2. Nf3 e6 3. Bf4 c5 4. c3 d5 5. Nbd2 Bd6 6. Bg3 Nc6 7. e3 O-O 8. Bd3 b6 9. Ne5 {[%emt 0:01:54] D02: 1 d4 d5 2 Nf3 sidelines, including 2...Nf6 3 g3 and 2...Nf6 3 Bf4.} Qc7 10. f4 Bb7 {[%emt 0:00:48] The main line 10...Bb7 scores better than 10...Ne7.} 11. Bh4 {[%emt 0:00:43] The position is equal.} Be7 12. g4 (12. O-O $11) 12... Ne4 $15 13. Bxe7 Qxe7 {[%emt 0:00:16] [#]} (13... Nxe7 {simplifies} 14. Nef3 Nc8 15. Bc2 Ncd6) 14. Nxe4 $146 (14. O-O $11 {keeps the balance.}) ({Predecessor:} 14. h4 Nxe5 15. fxe5 f6 16. Nf3 fxe5 17. Bxe4 dxe4 18. Nxe5 cxd4 19. exd4 Qf6 20. Qe2 {1-0 (41) Gierth,H (2265)-Duessel,U (2140) Germany 2002}) 14... dxe4 $17 15. Be2 cxd4 16. Nxc6 $2 (16. cxd4 $17 {is the only way for White.} Nxe5 17. fxe5) 16... Qh4+ $19 {[%emt 0:00:05][%mdl 64] [#] Zwischenzug} ({And not} 16... Bxc6 17. cxd4 Qh4+ 18. Kd2 $11) 17. Kf1 Qh3+ ({Inferior is} 17... Bxc6 18. cxd4 g5 19. f5 $17) (17... dxe3 $2 18. Kg2 Bxc6 19. Qe1 $19) 18. Kg1 Qxe3+ (18... Bxc6 $2 {is the wrong capture.} 19. exd4 Qe3+ 20. Kg2 $19) 19. Kf1 Qxf4+ 20. Ke1 (20. Kg2 $142 Bxc6 21. Rf1) 20... Bxc6 21. cxd4 e3 22. Rf1 {[%emt 0:00:09] Prevents Qf2+.} Qg5 23. Qd3 Rac8 {[%emt 0:00:31][%cal Oc6e4] ...Be4! is the strong threat.} 24. h3 {[%emt 0:00:23] [#]} Be4 $1 {[%emt 0:00:33][%mdl 512] ( -> ...Qa5+)} 25. Qxe4 (25. a3 Qh4+) 25... Qa5+ {[%emt 0:00:02] White got outplayed after the opening.   Weighted Error Value: White=1.59/Black=0.79} 0-1

[Event "Romanian Team Rapid Women 2022"]
[Site "Sebes"]
[Date "2022.12.03"]
[Round "2.1"]
[White "Bulmaga, Irina"]
[Black "Sariteanu, Sabina"]
[Result "1-0"]
[ECO "B82"]
[WhiteElo "2426"]
[BlackElo "1752"]
[Annotator "TA"]
[PlyCount "95"]
[EventDate "2022.12.03"]
[EventType "rapid"]
[EventCountry "ROU"]
[SourceTitle "playchess.com"]
[Source "ChessBase"]
[SourceQuality "1"]
[TimeControl "900+10"]

1. e4 c5 2. Nf3 d6 3. d4 cxd4 4. Nxd4 Nf6 5. Nc3 a6 6. f4 e6 (6... e5 $5 7. Nf3 Nbd7 $11) 7. g4 {[%emt 0:00:14] B82: Sicilian Scheveningen: 6 f4.} (7. g3 $142) 7... h6 {[%emt 0:00:20] [#]} ({Black should try} 7... e5 $1 8. Nf5 Nc6) 8. g5 $146 ({Predecessor:} 8. Bg2 Nc6 9. Nb3 d5 10. e5 Nd7 11. Be3 g5 12. Qe2 gxf4 13. Bxf4 Bg7 14. O-O-O Ndxe5 {0-1 (43) Popov,I (2594)-Gabrielian,A (2494) Moscow 2008}) 8... hxg5 9. fxg5 {[%emt 0:00:01] White is slightly better.} Nfd7 10. Be3 Ne5 11. Qe2 b5 12. a3 Bb7 13. O-O-O Nbd7 14. h4 Nc5 (14... Rc8 $11 {remains equal.}) 15. Bg2 Qa5 16. Nb3 {[%emt 0:00:56] Prevents b4.} (16. g6 $16) 16... Nxb3+ $15 17. cxb3 Rc8 (17... b4 $1 $15 18. axb4 Qxb4) 18. Kb1 $11 b4 19. axb4 Qxb4 20. Qc2 Be7 21. Bd4 Qa5 22. Qd2 Bc6 23. h5 Rb8 {[%emt 0:00:09] Prevents g6.} 24. g6 Rxb3 {[%emt 0:00:56] Threatens to win with ...Nc4.} 25. gxf7+ $2 (25. h6 $1 $11 gxh6 26. gxf7+ Kd7 27. Rxh6 (27. Bxe5 Qxe5 28. Rc1 Rhb8 $17) 27... Rxh6 28. Qxh6) 25... Kxf7 $19 {[%emt 0:00:36] White must now prevent ...Nc4.} (25... Nxf7 26. Qc2 Rb8 27. e5 Bxg2 28. Qxg2 Nxe5 29. Qxg7 $16) 26. h6 Nc4 $2 ({Black should play} 26... Bf6 $1 $19 {Hoping for ...Nc4.} 27. Na2 Qxd2 28. Rxd2 Rxh6 29. Rxh6 gxh6) 27. Qf2+ $11 Bf6 28. hxg7 Rxb2+ 29. Qxb2 {[%emt 0:00:02] Really sharp!} Rxh1 30. g8=Q+ {[%emt 0:00:39][%mdl 64] Decoy} (30. Qf2 $2 Qb4+ 31. Kc1 Qa3+ 32. Kb1 Rxd1+ 33. Nxd1 Qd3+ 34. Kc1 Qxd4 $19) 30... Kxg8 31. Qb8+ $40 {[%emt 0:00:06][%mdl 128] White is up to no good.} Kf7 32. Rxh1 Na3+ $2 {[%emt 0:01:27][%mdl 8192] [#]} (32... Bxd4 $11 33. Rh7+ Bg7 34. Qa7+ Ke8 35. Qxg7 (35. Rxg7 Qb4+ 36. Kc2 Qb2+ 37. Kd3 Ne5+ 38. Ke3 Qxc3+ 39. Kf2 Qb2+ 40. Kg1 Nd7 $11) 35... Qb4+ 36. Kc2 Qb2+ 37. Kd3 Ne5+ 38. Ke3 Qxc3+ 39. Kf4 Qd2+ 40. Kg3 Qe3+ 41. Kh2 Qf4+ 42. Kg1 (42. Kh1 Qc1+ 43. Kh2 Qf4+ 44. Kg1 Qc1+ 45. Kh2 Qf4+ $11) 42... Qe3+ 43. Kh2 Qf4+ 44. Kh1 Qc1+ 45. Kh2 Qf4+) 33. Kc1 $2 (33. Kb2 $1 $18 {is the precise move to win. Rh7+ would kill now.} Nc4+ 34. Kb3) 33... Qg5+ $16 (33... Bxd4 34. Rh7+ Bg7 35. Qa7+ Ke8 36. Qxg7 Kd8 37. Qe7+ Kc8 38. Rh8+) 34. Kb2 (34. Kd1 $16 Ba4+ 35. Nxa4 Qg4+ 36. Kc1 Bg5+ 37. Kb2 Qxg2+ 38. Kxa3 Qxh1 39. Nc3 (39. Qxd6 $2 Be7 $19)) 34... Nc4+ {[%emt 0:00:05] [#]} (34... Bxd4 35. Rh7+ (35. Kxa3 Qa5+ 36. Kb2 Qxc3+ 37. Kb1 Qa1+ 38. Kc2 Ba4+) 35... Bg7 36. Qc7+ (36. Kxa3 Qa5+ 37. Kb2 Qxc3+ 38. Kb1 Qe1+ 39. Kc2 Ba4+ 40. Kd3 Qg3+ 41. Ke2 Qxg2+ 42. Ke3 Qg3+ 43. Ke2 Bb5+ 44. Kd1 Qg1+ 45. Kd2 Qf2+ 46. Kc1 Qb2+ 47. Kd1 Ba4+ 48. Ke1 Qxb8 49. Kf2 Qb2+ 50. Kg3 Qe2 51. Kh3 Qxe4 52. Rh5 Qf3+ 53. Kh2 Qxh5+ 54. Kg2 Bd4 55. Kg3 Bc6 56. Kf4 Qh4#) (36. Rxg7+ Kxg7 37. Kxa3 Qc5+ 38. Qb4 Qxb4+ 39. Kxb4 Bb5 $14) 36... Kg8 37. Rxg7+ (37. Kxa3 Qc1+ 38. Ka2 Qc2+ 39. Ka3 Qxc3+ 40. Ka2 Qb2#) 37... Qxg7 38. Qc8+ (38. Qxc6 Nb5 $16) 38... Kf7 39. Qxc6 $16) (34... Qxg2+ $11 {keeps the balance.} 35. Kxa3 Qxh1 36. Qc7+ (36. Qxd6 $2 Be7 $19) 36... Kg6 37. Bxf6 (37. Qxd6 Qa1+ 38. Kb3 Bxd4 $11) 37... Qc1+ 38. Kb3 Bxe4) 35. Kb3 $1 Nd2+ $2 (35... Qxg2 $2 36. Rh7+ $18) (35... Na5+ $11 36. Kb4 Bxd4 37. Rh7+ Bg7 38. Qc7+ (38. Qxd6 Qxg2 39. Kxa5 Be8 $14) 38... Ke8) 36. Kc2 $18 {[%emt 0:00:20] White is clearly winning.} Bxd4 37. Qc7+ (37. Qxd6 Qxg2 38. Qc7+ Kf8 39. Qd6+ (39. Rh2 Bxe4+ 40. Nxe4 Qxe4+ $11) 39... Kf7 40. Qc7+ Kg8 41. Qd8+ (41. Qxc6 Nc4+) (41. Rh2 Bxe4+ 42. Nxe4 Qxe4+ $11) 41... Kf7 42. Qc7+ $11 (42. Rh7+ Bg7 $11)) (37. Rh7+ Bg7 $14) 37... Kf6 38. Qd8+ Kg6 39. Qxg5+ {[%emt 0:00:01][%mdl 64] Remove Defender} ({Not} 39. Qxd6 Qxg2 40. Qxe6+ Bf6 41. Qg8+ (41. Qxc6 Nc4+ 42. Kd3 Ne5+ 43. Ke3 Nxc6 44. e5 Nxe5 45. Rb1 Qf3+ 46. Kd4 Nd7+ 47. Kc4 Qxc3+ 48. Kd5 Qd3+ 49. Kc6 Qxb1 50. Kxd7 Qb7+ 51. Kd6 Qb6+ 52. Kd5 Kf5 53. Kc4 Qb5#) 41... Bg7 42. Qe6+ Bf6 43. Qg8+ (43. Qxc6 {is a self mate.} Nc4+ 44. Kd3 Ne5+ 45. Ke3 Nxc6 46. Nd5 Qg3+ 47. Kd2 Bg5+ 48. Kd1 Nd4) 43... Bg7 44. Qe6+ Bf6 $11) 39... Kxg5 40. Kxd2 e5 41. Ra1 Bb7 42. Rb1 Bc8 43. Nd5 Kg4 44. Rb3 Kh4 {[%emt 0:00:13] Prevents Bh3.} 45. Bf1 a5 46. Ra3 Bg4 47. Rxa5 Bf3 48. Bd3 {[%emt 0:00:02] White used his chance.   Weighted Error Value: White=0.72/Black=0.37} 1-0